 Dungeon Crawl Stone Soup version 0.27-a0-1434-g6f15984924 (webtiles) character file.

Game seed: 15443386620512902711

1540 quinnr the Geomancer (level 8, -13/41 HPs)
             Began as a Deep Elf Earth Elementalist on July 3, 2021.
             Shot with an arrow by a centaur (14 damage)
             ... on level 6 of the Dungeon.
             The game lasted 00:18:37 (7273 turns).

quinnr the Geomancer (Deep Elf Earth Elementalist)  Turns: 7273, Time: 00:18:37

Health: -13/41     AC:  6    Str:  5    XL:     8   Next: 56%
Magic:  15/20      EV: 16    Int: 23    God:
Gold:   243        SH:  0    Dex: 15    Spells: 17/21 levels left

rFire    . . .     SeeInvis .   q - +2 dagger (drain)
rCold    . . .     Faith    .   (no shield)
rNeg     . . .     Spirit   .   b - +0 robe
rPois    .         Reflect  .   (no helmet)
rElec    .         Harm     .   (no cloak)
rCorr    .         Rampage  .   (no gloves)
Will     .....                  (no boots)
Stlth    ++........             (no amulet)
HPRegen  0.13/turn              a - +4 ring of evasion
MPRegen  0.17/turn              h - +4 ring of protection

@: no status effects
A: no striking features
a: no special abilities


You were on level 6 of the Dungeon.
You visited 1 branch of the dungeon, and saw 6 of its levels.

You collected 243 gold pieces.

Inventory:

Hand Weapons
 i - a +0 dagger of electrocution
 n - a +2 short sword of speed
 q - a +2 dagger of draining (weapon)
Missiles
 c - 140 stones
Armour
 b - a +0 robe (worn)
Jewellery
 a - a +4 ring of evasion (left hand)
 h - a +4 ring of protection (right hand)
Wands
 s - a wand of flame (12)
 t - a wand of polymorph (8)
Scrolls
 j - a scroll of magic mapping {unknown}
 k - a scroll of summoning {unknown}
 l - a scroll of amnesia {unknown}
 o - a scroll of noise
 r - a scroll of fog {unknown}
 u - a scroll of vulnerability {unknown}
Potions
 d - 2 potions of attraction
 e - a potion of brilliance {unknown}
 f - a potion of heal wounds
 g - a potion of might
 m - a potion of degeneration
 p - a potion of curing
 w - a potion of lignification {unknown}
 x - 2 potions of haste {unknown}


   Skills:
 - Level 2.4 Dodging
 - Level 2.4 Stealth
 - Level 7.0 Spellcasting
 - Level 7.0 Conjurations
 - Level 1.1 Transmutations
 + Level 8.5 Earth Magic


You had 17 spell levels left.
You knew the following spells:

 Your Spells              Type           Power      Damage    Failure   Level
a - Sandblast             Erth           94%        2d19      1%          1
b - Stone Arrow           Conj/Erth      86%        3d12      1%          3

Your spell library contained the following spells:

 Spells                   Type           Power      Damage    Failure   Level
 Passwall                 Tmut/Erth      25%        N/A       1%          2
 Animate Skeleton         Necr           16%        N/A       8%          1
 Apportation              Tloc           16%        N/A       8%          1
 Corona                   Hex            8%         N/A       8%          1
 Summon Small Mammal      Summ           32%        N/A       8%          1
 Wereblood                Tmut           13%        N/A       8%          2
 Petrify                  Tmut/Erth      30%        N/A       11%         4
 Slow                     Hex            8%         N/A       12%         2
 Sublimation of Blood     Necr           4%         N/A       12%         2
 Confusing Touch          Hex            8%         N/A       22%         3
 Portal Projectile        Hex/Tloc       16%        N/A       22%         3
 Blade Hands              Tmut           6%         N/A       80%         5
 Yara's Violent Unravell  Hex/Tmut       5%         3d4       86%         5
 Excruciating Wounds      Necr           4%         N/A       91%         5
 Summon Hydra             Summ           4%         N/A       100%        7


Dungeon Overview and Level Annotations

Branches:
Dungeon (6/15)
 Temple: D:4-7

Altars:
Dithmenos
Trog
Zin

Shops:
D:3 =


Message History

Aiming: Stone Arrow (safe; 1% risk of failure)
Press: ? - help, Shift-Dir - straight line, f - orc wizard
Aim: an orc wizard, wielding a +0 dagger and wearing a +0 robe (70% to hit)
The stone arrow hits the orc wizard!
The orc wizard is severely wounded.
The orc wizard casts a spell.
The orc wizard flickers and vanishes!
Deactivating autopickup; reactivate with Ctrl-A.
The centaur shoots an arrow.
The arrow misses you.
The centaur shoots an arrow.
Reactivating autopickup.
You feel a bit more experienced.
Casting: Stone Arrow (safe; 1% risk of failure)
Confirm with . or Enter, or press ? or * to list all spells.
You can't see any susceptible monsters within range! (Use Z to cast anyway.) Unknown command.
As you read the scroll labelled FEYNEFR ID FOI, it crumbles to dust.
Your body is wracked with pain!
The centaur convulses!
The orc priest convulses!
It was a scroll of torment.
The centaur shoots an arrow.
The arrow hits you.
* * * LOW HITPOINT WARNING * * *
The centaur shoots an arrow.
The arrow hits you!
* * * LOW HITPOINT WARNING * * *
Unknown command.
Casting: Stone Arrow (safe; 1% risk of failure)
Confirm with . or Enter, or press ? or * to list all spells.
You can't see any susceptible monsters within range! (Use Z to cast anyway.) Unknown command.
Casting: Stone Arrow (safe; 1% risk of failure)
Confirm with . or Enter, or press ? or * to list all spells.
You can't see any susceptible monsters within range! (Use Z to cast anyway.) Unknown command.
Unknown command.
Aiming: Throw Flame
Press: ? - help, Shift-Dir - straight line, f - centaur
Aim: a centaur, wielding a +0 shortbow and quivering arrows (heavily wounded, 81% to hit)
The puff of flame hits the centaur.
The centaur is severely wounded.
The centaur shoots an arrow.
The arrow hits you!
You die...

.<..............>........
.......
#.......###..............
.......
##.....##................
.......
##.....###..............
. ##................)....
. ##....##...............
.
##...>.#####............
#......# #.............
##......# ##.#.@...##...
#.......# ##......#
........# #.$.......#
........# #......)......
######..#........)##....
#....#####..o ##.. ..##
#..c. . ## ..##.. ## ...


You could see a centaur and an orc priest.

Vanquished Creatures
  Prince Ribbit (D:5)
  A sky beast (D:5)
  An ogre (D:6)
  A phantom (D:4)
  A gnoll sergeant (D:5)
  A scorpion (D:5)
  6 killer bees
  A hound (D:4)
  A bullfrog zombie (D:6)
  A centaur skeleton (D:5)
  6 iguanas
  3 bullfrog skeletons
  An orc wizard (D:4)
  2 hound zombies (D:5)
  2 hound skeletons
  Robin (D:2)
  9 adders
  6 gnolls
  An ufetubus (D:5)
  2 dart slugs
  16 orcs
  7 endoplasms
  2 giant cockroaches
  14 goblins
  12 hobgoblins
  10 jackals
  4 quokkas
  10 ball pythons
  7 bats
  3 frilled lizards
  9 kobolds
  5 rats
147 creatures vanquished.

Vanquished Creatures (others)
  An orc wizard (D:6)
1 creature vanquished.

Grand Total: 148 creatures vanquished

Notes
Turn   | Place    | Note
-------+----------+-------------------------------------------
     0 | D:1      | quinnr the Deep Elf Earth Elementalist began the quest for
                  | the Orb.
     0 | D:1      | Reached XP level 1. HP: 10/10 MP: 6/6
   245 | D:1      | Reached XP level 2. HP: 15/15 MP: 6/8
   251 | D:1      | Reached skill level 4 in Earth Magic
   677 | D:1      | Reached XP level 3. HP: 19/19 MP: 6/9
   955 | D:2      | Reached skill level 5 in Earth Magic
   962 | D:2      | Learned a level 3 spell: Stone Arrow
  1122 | D:2      | Found a glowing silver altar of Zin.
  1325 | D:2      | Reached XP level 4. HP: 17/24 MP: 7/10
  1416 | D:2      | Noticed Robin
  1434 | D:2      | Reached skill level 1 in Conjurations
  1543 | D:2      | Killed Robin
  2844 | D:3      | Reached XP level 5. HP: 28/28 MP: 6/13
  2931 | D:3      | Found Naururem's Jewellery Boutique.
  3562 | D:4      | Reached skill level 6 in Earth Magic
  4427 | D:4      | Noticed a phantom
  4437 | D:4      | Found a bloodstained altar of Trog.
  4519 | D:4      | Killed a phantom
  4520 | D:4      | Reached skill level 7 in Earth Magic
  4520 | D:4      | Reached XP level 6. HP: 32/32 MP: 1/14
  4867 | D:4      | Found a shadowy altar of Dithmenos.
  4978 | D:5      | Entered Level 5 of the Dungeon
  5130 | D:5      | Reached skill level 5 in Spellcasting
  5320 | D:5      | Reached XP level 7. HP: 25/36 MP: 5/17
  5908 | D:5      | Noticed Prince Ribbit
  5913 | D:5      | Killed Prince Ribbit
  5914 | D:5      | Reached skill level 5 in Conjurations
  6409 | D:5      | Reached XP level 8. HP: 34/41 MP: 10/20
  6594 | D:6      | HP: 4/41 [killer bee (1)]
  6740 | D:5      | HP: 4/41 [poisoned by a killer bee]
  6983 | D:5      | Reached skill level 8 in Earth Magic
  6985 | D:5      | HP: 4/41 [killer bee (2)]
  7272 | D:6      | HP: 1/41 [centaur/arrow (10)]
  7273 | D:6      | Shot with an arrow by a centaur

Illustrated notes

Levels and vault maps discovered:
D:1:      amcnicky_arrival_gap_in_the_tavern_cellar, layout_basic
D:2:      layout_basic, basic_altar, serial_rivers,
          chequers_serial_rivers_micro_b, chequers_serial_rivers_small_3,
          chequers_serial_rivers_small_3, chequers_serial_rivers_micro_c,
          minmay_tree_intersection, minivault_24, uniq_robin
D:3:      layout_loops_ring, serial_shops, shop
D:4:      kennysheep_spiral_hall, layout_basic, pf_just_have_faith,
          nicolae_dithmenos_the_darkroom
D:5:      layout_basic, uniq_prince_ribbit1
D:6:      layout_layer_cave, gup_sewer_entry_spiral

Skill      XL: |  1  2  3  4  5  6  7  8 |
---------------+-------------------------+-----
Earth Magic    | 4 5 7 8 |  8.5
Conjurations   | 1 2 3 5 7 |  7.0
Spellcasting   | 4 5 7 |  7.0
Dodging        | |  2.4
Stealth        | |  2.4
Transmutations | |  1.1

Action                   |  1- 3 |  4- 6 |  7- 9 || total
-------------------------+-------+-------+-------++-------
Melee: Unarmed           |     5 |       |       ||     5
       Dagger            |    12 |    59 |    11 ||    82
Throw: Stone             |       |     1 |       ||     1
 Cast: Sandblast         |    56 |    26 |     5 ||    87
       Stone Arrow       |     1 |    62 |    51 ||   114
Evoke: Wand              |       |     1 |     5 ||     6
  Use: Scroll            |       |     5 |     4 ||     9
       Potion            |       |       |     6 ||     6
 Stab: Sleeping          |     1 |     1 |       ||     2
Armor: Robe              |     9 |    22 |    17 ||    48
Dodge: Dodged            |    32 |    52 |    96 ||   180

Table legend: (Time is in decaauts)
 A = Elapsed time spent in this place.
 B = Non-inter-level travel time spent in this place.
 C = Inter-level travel time spent in this place.
 D = Time resting spent in this place.
 E = Time spent auto-exploring this place.
 F = Levels seen in this place.
 G = Mean time per level.
                   A        B        C        D        E       F      G
               +--------+--------+--------+--------+--------+-----+--------+
         Total |   7287 |   7179 |    108 |    638 |   5511 |   6 | 1214.5 |
       Dungeon |   7287 |   7179 |    108 |    638 |   5511 |   6 | 1214.5 |
               +--------+--------+--------+--------+--------+-----+--------+

Top non-repeatable levels by time:
     D:5: 2035 daAuts
     D:4: 1560 daAuts
     D:2: 1397 daAuts
     D:3: 1109 daAuts
     D:1: 922 daAuts
     D:6: 262 daAuts
